 Dungeon Crawl Stone Soup version 0.20-a0-709-gd40821f (webtiles) character file.

422 kae the Chopper (level 6, -5/56 HPs)
             Began as a Minotaur Monk on Feb 21, 2017.
             Slain by Graouh's ghost (15 damage)
             ... on level 4 of the Dungeon.
             The game lasted 00:02:40 (3478 turns).

kae the Chopper (Minotaur Monk)                     Turns: 3478, Time: 00:02:41

Health: -5/56      AC:  7    Str: 17    XL:     6   Next: 63%
Magic:  5/5        EV: 13    Int:  8    God:
Gold:   134        SH:  0    Dex: 12    Spells: 5/5 levels left

rFire    . . .     SeeInvis .   a - +0 hand axe
rCold    . . .     Gourm    .   i - +3 leather armour
rNeg     . . .     Faith    .   (no shield)
rPois    .         Spirit   .   (helmet restricted)
rElec    .         Reflect  .   b - +0 cloak
rCorr    .         Harm     .   (no gloves)
MR       .....                  (no boots)
Stlth    +.........             (no amulet)
Regen    0.2/turn               (no ring)
MPRegen  0.1/turn               (no ring)

@: no status effects
A: retaliatory headbutt, horns 2
a: no special abilities


You were on level 4 of the Dungeon.
You were not hungry.

You visited 1 branch of the dungeon, and saw 4 of its levels.

You collected 134 gold pieces.

Inventory:

Hand Weapons
 a - a +0 hand axe (weapon)
Armour
 b - a +0 cloak (worn)
 i - a +3 leather armour (worn)
Jewellery
 u - a +2 ring of protection {unknown}
Scrolls
 g - 2 scrolls of immolation {unknown}
 h - 2 scrolls of identify {unknown}
 k - a scroll of recharging {unknown}
 n - a scroll of magic mapping {unknown}
 r - a scroll of amnesia {unknown}
 s - a scroll of fog {unknown}
Potions
 f - a potion of berserk rage {unknown}
 j - a potion of lignification
 m - a potion of ambrosia {unknown}
 o - a potion of curing {unknown}
 q - a potion of cancellation {unknown}
 t - a potion of brilliance {unknown}
 v - a potion of might {unknown}
Comestibles
 c - 2 bread rations
 d - 8 chunks of flesh
 l - a royal jelly


   Skills:
 + Level 5.3 Fighting
 * Level 6.4 Axes
 + Level 3.1 Armour
 + Level 4.6 Dodging
 - Level 1.5 Stealth


You had 5 spell levels left.
You didn't know any spells.

Dungeon Overview and Level Annotations

Branches:
Dungeon (4/15)
 Temple: D:4-7

Altars:
Cheibriados
Kikubaaqudgha
Makhleb
Okawaru
Sif Muna

Annotations:
D:4 Graouh's ghost, amateur MiFi


Innate Abilities, Weirdness & Mutations

You reflexively headbutt those who attack you in melee.
You have a pair of horns on your head.


Message History

* * * LOW HITPOINT WARNING * * *
You hit Graouh's ghost but do no damage.
You headbutt Graouh's ghost, but do no damage.
Graouh's ghost is heavily damaged.
Graouh's ghost closely misses you.
You hit Graouh's ghost but do no damage.
Your headbutt misses Graouh's ghost.
Graouh's ghost is heavily damaged.
Graouh's ghost hits you but does no damage.
You hit Graouh's ghost but do no damage.
You headbutt Graouh's ghost!
Graouh's ghost is heavily damaged.
Graouh's ghost hits you.
* * * LOW HITPOINT WARNING * * *
You hit Graouh's ghost but do no damage.
Graouh's ghost is heavily damaged.
Graouh's ghost barely misses you. You furiously retaliate!
You headbutt Graouh's ghost, but do no damage.
Graouh's ghost hits you!
You die...

.....#######
...........##
..........(.##
.............#
.............#
.............#
....$........#
.............#
..........@W##
>.%..#.....##
############


You could see Graouh's ghost.

Vanquished Creatures
  A scorpion (D:4)
  A crimson imp (D:3)
  An orc wizard (D:3)
  An orc priest (D:3)
  Crazy Yiuf (D:3)
  Natasha (twice) (D:3)
  Terence (D:3)
  Robin (D:3)
  5 adders
  An adder skeleton (D:4)
  2 worms
  4 dart slugs
  2 leopard geckos (D:1)
  7 orcs (D:3)
  4 bats
  7 giant cockroaches
  12 goblins
  7 hobgoblins
  9 kobolds
  2 frilled lizards
  A quokka skeleton (D:3)
  10 rats
  2 rat zombies (D:3)
84 creatures vanquished.

Vanquished Creatures (others)
  Natasha (D:3)
1 creature vanquished.

Grand Total: 85 creatures vanquished

Notes
Turn   | Place    | Note
-------+----------+-------------------------------------------
     0 | D:1      | kae the Minotaur Monk began the quest for the Orb.
     0 | D:1      | Reached XP level 1. HP: 19/19 MP: 0/0
   201 | D:1      | Reached XP level 2. HP: 27/27 MP: 1/1
   212 | D:1      | Found a snail-covered altar of Cheibriados.
   256 | D:1      | Reached skill level 4 in Axes
   406 | D:1      | Reached skill level 1 in Armour
   895 | D:1      | Reached XP level 3. HP: 33/33 MP: 2/2
  1390 | D:2      | Found an iron altar of Okawaru.
  1485 | D:2      | Found a burning altar of Makhleb.
  1632 | D:3      | Noticed Natasha
  1642 | D:3      | Killed Natasha
  1642 | D:3      | Reached XP level 4. HP: 11/40 MP: 3/3
  1888 | D:3      | Noticed Robin
  1891 | D:3      | Noticed Terence
  1921 | D:3      | Killed Robin
  1921 | D:3      | Reached skill level 5 in Axes
  1927 | D:3      | Killed Terence
  2116 | D:3      | Reached XP level 5. HP: 44/47 MP: 4/4
  2245 | D:3      | Noticed Natasha
  2252 | D:3      | Killed Natasha
  2347 | D:3      | Reached skill level 5 in Fighting
  2347 | D:3      | Reached XP level 6. HP: 46/56 MP: 5/5
  2478 | D:3      | Found a runed door.
  2482 | D:3      | Noticed Crazy Yiuf
  2486 | D:3      | Killed Crazy Yiuf
  2486 | D:3      | Reached skill level 6 in Axes
  2575 | D:3      | Found a deep blue altar of Sif Muna.
  2639 | D:3      | Found an ancient bone altar of Kikubaaqudgha.
  3120 | D:4      | Noticed Graouh's ghost (amateur MiFi)
  3184 | D:3      | Noticed Natasha
  3198 | D:3      | Killed Natasha
  3478 | D:4      | Slain by Graouh's ghost

Vault maps used:
D:1:      dpeg_arrival_yet_another_circle, serial_forest,
          infiniplex_forest_lined_3_way, infiniplex_forest_end_1,
          infiniplex_forest_lined_1, infiniplex_forest_lined_room_2,
          cheibriados_altar_1
D:2:      nicolae_overflow_crystal_walls, serial_corexii_hall,
          corexii_hall_statues_deadend, corexii_hall_statues_i,
          kennysheep_okawaru_gauntlet
D:3:      lemuel_zombie_altar_kikubaaqudgha, lemuel_round_altar, first_bread,
          uniq_terence, uniq_robin, uniq_natasha, uniq_crazy_yiuf_cottage
D:4:      kennysheep_slugbush

Skill      XL: |  1  2  3  4  5  6 |
---------------+-------------------+-----
Axes           | 4 5 6 |  6.4
Armour         | 1 2 3 |  3.1
Fighting       | 4 5 |  5.3
Dodging        | 4 |  4.6
Stealth        | |  1.5

Action                   |  1- 3 |  4- 6 || total
-------------------------+-------+-------++-------
Melee: Hand axe          |    64 |   165 ||   229
       Headbutt          |    11 |    28 ||    39
  Use: Potion            |       |     1 ||     1
       Scroll            |       |     2 ||     2
 Stab: Sleeping          |     4 |     1 ||     5
  Eat: Chunk             |     2 |     6 ||     8
Armor: Robe              |     3 |       ||     3
       Leather armour    |     8 |    55 ||    63
       Skin              |       |    21 ||    21
Dodge: Dodged            |    50 |    77 ||   127
